 Dungeon Crawl Stone Soup version 0.27-a0-607-g1ad3dbde53 (webtiles) character file.

Game seed: 8379903735687568123

221 Gaff the Ducker (level 5, -10/54 HPs)
             Began as an Ogre Gladiator on Mar 13, 2021.
             Was an Initiate of Okawaru.
             Mangled by an iguana (14 damage)
             ... on level 4 of the Dungeon.
             The game lasted 00:09:53 (4801 turns).

Gaff the Ducker (Ogre Gladiator)                    Turns: 4801, Time: 00:09:53

Health: -10/54     AC:  3    Str: 19    XL:     5   Next: 98%
Magic:  6/6        EV: 10    Int:  9    God:    Okawaru [......]
Gold:   151        SH:  0    Dex: 10    Spells: 6/6 levels left

rFire    . . .     SeeInvis .   u - +1 morningstar
rCold    . . .     Faith    .   (no shield)
rNeg     + . .     Spirit   .   b - +0 robe
rPois    .         Reflect  .   c - +0 hat
rElec    .         Harm     .   (no cloak)
rCorr    .         Rampage  .   (gloves unavailable)
Will     .....                  (boots unavailable)
Stlth    +.........             n - amulet of magic regeneration
HPRegen  0.18/turn              t - ring of positive energy
MPRegen  0.35/turn              (no ring)

@: no status effects
A: large, unfitting armour, tough skin 1
a: Renounce Religion


You were on level 4 of the Dungeon.
You worshipped Okawaru.
Okawaru was noncommittal.
You visited 2 branches of the dungeon, and saw 5 of its levels.

You collected 151 gold pieces.

Inventory:

Hand Weapons
 a - a +0 flail
 u - a +1 morningstar (weapon)
 x - a +1 short sword of freezing
Missiles
 d - 3 throwing nets (quivered)
Armour
 b - a +0 robe (worn)
 c - a +0 hat (worn)
Jewellery
 n - an amulet of magic regeneration (around neck)
 r - an amulet of magic regeneration
 t - a ring of positive energy (right hand)
Wands
 p - a wand of flame (12)
Scrolls
 f - 4 scrolls of enchant weapon
 i - 5 scrolls of identify {unknown}
 j - a scroll of blinking {unknown}
 l - a scroll of enchant armour {unknown}
 o - 2 scrolls of teleportation {unknown}
 s - 2 scrolls of immolation {unknown}
Potions
 e - 2 potions of berserk rage {unknown}
 g - 5 potions of curing {unknown}
 h - 2 potions of haste
 k - a potion of mutation {unknown}
 m - a potion of flight {unknown}
 q - 2 potions of attraction {unknown}
 v - a potion of brilliance {unknown}
 w - a potion of might {unknown}


   Skills:
 + Level 3.7 Fighting
 + Level 4.1 Maces & Flails
 - Level 2.2 Throwing
 + Level 4.1 Dodging
 - Level 1.0 Spellcasting
 + Level 0.8 Evocations


You had 6 spell levels left.
You didn't know any spells.
Your spell library was empty.

Dungeon Overview and Level Annotations

Branches:
Dungeon (4/15)             Temple (1/1) D:4

Altars:
Ashenzari
Cheibriados
Dithmenos
Elyvilon
Fedhas
Kikubaaqudgha
Makhleb
Nemelex Xobeh
Okawaru
Ru
Trog
Uskayaw
Vehumet
Wu Jian
Xom
Zin
The Shining One


Innate Abilities, Weirdness & Mutations

You are too large for most types of armour.
You have tough skin. (AC +1)


Message History

An iguana is nearby!
The iguana barely misses you.
You closely miss the iguana. The iguana closely misses you.
The iguana bites you!
You closely miss the iguana. The iguana bites you.
* * * LOW HITPOINT WARNING * * *
You barely miss the iguana. The iguana bites you.
* * * LOW HITPOINT WARNING * * *
You closely miss the iguana. The iguana bites you!
* * * LOW HITPOINT WARNING * * *
The iguana barely misses you.
Aiming: Throw Flame
Press: ? - help, Shift-Dir - straight line, f - iguana
Aim: an iguana (28% to evade)
The puff of flame hits the iguana.
The iguana is moderately wounded.
The iguana barely misses you.
You hit the iguana.
The iguana is heavily wounded.
The iguana barely misses you.
You hit the iguana but do no damage.
The iguana is heavily wounded.
The iguana bites you.
* * * LOW HITPOINT WARNING * * *
You hit the iguana but do no damage.
The iguana is heavily wounded.
The iguana closely misses you.
You closely miss the iguana.
The iguana is heavily wounded.
The iguana barely misses you.
The iguana bites you but does no damage.
You closely miss the iguana.
The iguana is heavily wounded.
The iguana bites you!
* * * LOW HITPOINT WARNING * * *
As you read the scroll labelled ODDA APEATOFAGUGY, it crumbles to dust.
It is a scroll of enchant weapon.
Your +0 morningstar glows red for a moment.
The iguana bites you!
You die...

#.#... ## # ##..#
.. #.># #. #..#
##. ##..## ..
.....## #.
##.....##
#.###.......#
#..l@.......#
........##.......#
#######.###.....##
##.####....#
...........#
##.###..#..#
...###[####
##.#..)..# #
#.#'#.########.


You could see an iguana.

Vanquished Creatures
  An orc priest (D:4)
  An orc wizard (D:4)
  2 hound skeletons
  5 adders
  An ooze (D:3)
  2 worms
  A dart slug (D:1)
  2 leopard geckos (D:2)
  4 orcs
  2 giant cockroaches
  10 goblins
  11 hobgoblins
  6 jackals
  8 kobolds
  2 quokkas (D:2)
  2 ball pythons
  10 bats
  4 frilled lizards
  5 rats
79 creatures vanquished.

Vanquished Creatures (others)
  A plant (D:1)
1 creature vanquished.

Grand Total: 80 creatures vanquished

Notes
Turn   | Place    | Note
-------+----------+-------------------------------------------
     0 | D:1      | Gaff the Ogre Gladiator began the quest for the Orb.
     0 | D:1      | Reached XP level 1. HP: 22/22 MP: 1/1
   263 | D:1      | Reached XP level 2. HP: 18/29 MP: 2/2
   678 | D:1      | Reached skill level 1 in Spellcasting
   795 | D:1      | Reached XP level 3. HP: 31/37 MP: 4/4
  2103 | D:2      | Reached XP level 4. HP: 28/45 MP: 5/5
  3128 | D:3      | Reached XP level 5. HP: 23/53 MP: 6/6
  3595 | D:3      | Found a shimmering altar of Xom.
  3597 | D:3      | Found a shadowy altar of Dithmenos.
  3600 | D:3      | Found a white marble altar of Elyvilon.
  4178 | D:4      | Found an iron altar of Okawaru.
  4194 | D:4      | Became a worshipper of Warmaster Okawaru
  4423 | D:4      | Found a staircase to the Ecumenical Temple.
  4435 | Temple   | Entered the Ecumenical Temple
  4801 | D:4      | Mangled by an iguana

Illustrated notes

Levels and vault maps discovered:
D:1:      dpeg_arrival_boxes_within_box, layout_rooms, minmay_misc_feat_hallway,
          serial_bayou_pond_b, minmay_tetromino_t2
D:2:      cheibrodos_pilgrimage, layout_rooms
D:3:      layout_basic, grunt_temple_overflow_open,
          amcnicky_mini_rare_corridor_liquid
D:4:      layout_loops_ring, minmay_temple_entry_glassed_door,
          okawaru_gym_becter, uniq_grinder, uniq_robin
Temple:   nicolae_temple_figure_eight

Skill      XL: |  1  2  3  4  5 |
---------------+----------------+-----
Fighting       | 3 |  3.7
Spellcasting   | 1 |  1.0
Maces & Flails | 3 4 |  4.1
Dodging        | 3 4 |  4.1
Throwing       | |  2.2
Evocations     | |  0.8

Action                   |  1- 3 |  4- 6 || total
-------------------------+-------+-------++-------
Melee: Flail             |   131 |    79 ||   210
       Morningstar       |       |    99 ||    99
Evoke: Wand              |       |     1 ||     1
  Use: Scroll            |       |     1 ||     1
Armor: Robe              |    55 |    70 ||   125
Dodge: Dodged            |    96 |   131 ||   227

Table legend: (Time is in decaauts)
 A = Elapsed time spent in this place.
 B = Non-inter-level travel time spent in this place.
 C = Inter-level travel time spent in this place.
 D = Time resting spent in this place.
 E = Time spent auto-exploring this place.
 F = Levels seen in this place.
 G = Mean time per level.
                   A        B        C        D        E       F      G
               +--------+--------+--------+--------+--------+-----+--------+
         Total |   4895 |   4731 |    164 |   1946 |   1755 |   5 |  979.0 |
       Dungeon |   4674 |   4522 |    152 |   1946 |   1548 |   4 | 1168.5 |
        Temple |    220 |    208 |     12 |      0 |    207 |   1 |  220.0 |
               +--------+--------+--------+--------+--------+-----+--------+

Top non-repeatable levels by time:
     D:1: 2011 daAuts
     D:3: 1443 daAuts
     D:2: 792 daAuts
     D:4: 427 daAuts
  Temple: 220 daAuts
